| TOP OF THE 1ST |
|
Lansing Lugnuts batting - Pitching for Charleston RiverDogs : RHP Bobby Kosmicki
|
|
Pitching: RHP Bobby Kosmicki
|
|
|
Batting: LHB Danny Bailey
|
0-0: Ball 1-0: Ball 2-0: Called Strike 2-1: Called Strike 2-2: Foul Ball, location: 2F 2-2: Strikes out swinging
|
|
Batting: RHB John Hering
|
0-0: Called Strike 0-1: Foul Ball, location: 2F 0-2: Ball 1-2: Ball 2-2: Foul Ball, location: 2F 2-2: Ground out 5-3 (Groundball, 5L, EV 99.4 MPH)
|
|
Batting: LHB Marc Carter
|
0-0: Foul Ball, location: 2F 0-1: Fly out, F9 (Flyball, 9LS, EV 92.5 MPH)
|
| Top of the 1st over - 0 runs, 0 hits, 0 errors, 0 left on base; Lansing 0 - Charleston 0 |
| BOTTOM OF THE 1ST |
|
Charleston RiverDogs batting - Pitching for Lansing Lugnuts : LHP Jon Sosa
|
|
Pitching: LHP Jon Sosa
|
|
|
Batting: LHB Ernesto Abreu
|
0-0: Ball 1-0: Foul Ball, location: 2F 1-1: Foul Ball, location: 2F 1-2: Foul Ball, location: 2F 1-2: Ground out 4-3 (Groundball, 4, EV 105.6 MPH)
|
|
Batting: RHB Iften Olujimi
|
0-0: Called Strike 0-1: Foul Ball, location: 2F 0-2: Foul Ball, location: 2F 0-2: Ball 1-2: Foul Ball, location: 2F 1-2: Reached on error, E1 (Groundball, 15S, EV 75.0 MPH)
|
|
Batting: RHB Francisco Vargas
|
0-0: Ball 1-0: Ball 2-0: Ball 3-0: Called Strike 3-1: Base on Balls
|
|
Batting: SHB Tadaaki Kondo
|
0-0: Called Strike 0-1: Swinging Strike 0-2: Ball 1-2: Fly out, F9 (Flyball, 9, EV 78.1 MPH)
|
|
Batting: LHB Marc Durgin
|
0-0: SINGLE (Groundball, 15S, EV 69.4 MPH) (infield hit) Iften Olujimi to third Francisco Vargas to second
|
|
Batting: RHB Jeff McClellan
|
0-0: Ball 1-0: Foul Ball, location: 2F 1-1: Ball 2-1: Swinging Strike 2-2: Strikes out swinging
|
| Bottom of the 1st over - 0 runs, 1 hit, 1 error, 3 left on base; Lansing 0 - Charleston 0 |
| TOP OF THE 2ND |
|
Lansing Lugnuts batting - Pitching for Charleston RiverDogs : RHP Bobby Kosmicki
|
|
Batting: RHB Butch Koglin
|
0-0: Swinging Strike 0-1: Ball 1-1: Ball 2-1: Foul Ball, location: 2F 2-2: Ground out 3-1 (Groundball, 34, EV 98.8 MPH)
|
|
Batting: RHB Scott Travis
|
0-0: Called Strike 0-1: Swinging Strike 0-2: Ball 1-2: Ball 2-2: Foul Ball, location: 2F 2-2: Foul Ball, location: 2F 2-2: Foul Ball, location: 2F 2-2: Ground out 6-3 (Groundball, 6, EV 81.9 MPH)
|
|
Batting: RHB Dylan Phillips
|
0-0: Ball 1-0: Ball 2-0: Fly out, F5 (Line Drive, 5L, EV 60.6 MPH)
|
| Top of the 2nd over - 0 runs, 0 hits, 0 errors, 0 left on base; Lansing 0 - Charleston 0 |
| BOTTOM OF THE 2ND |
|
Charleston RiverDogs batting - Pitching for Lansing Lugnuts : LHP Jon Sosa
|
|
Batting: RHB Bryan Massey
|
0-0: Ball 1-0: Swinging Strike 1-1: Swinging Strike 1-2: Ball 2-2: Ball 3-2: Base on Balls
|
|
Batting: RHB Michael Patterson
|
0-0: Called Strike 0-1: Ball 1-1: Ball 2-1: Fly out, F5 (Popup, 5SF, EV 83.1 MPH)
|
|
Batting: RHB Louwe Starmans
|
0-0: Called Strike 0-1: Foul Ball, location: 2F 0-2: Ball 1-2: Ball 2-2: Ball Wild Pitch! Bryan Massey to second 3-2: Foul Ball, location: 2F 3-2: Base on Balls
|
|
Batting: LHB Ernesto Abreu
|
0-0: Foul Ball, location: 2F 0-1: Ball 1-1: Ball 2-1: Foul Ball, location: 2F 2-2: Ball 3-2: Grounds into double play, 5-4-3 (Groundball, 56, EV 105.0 MPH)
|
| Bottom of the 2nd over - 0 runs, 0 hits, 0 errors, 1 left on base; Lansing 0 - Charleston 0 |
| TOP OF THE 3RD |
|
Lansing Lugnuts batting - Pitching for Charleston RiverDogs : RHP Bobby Kosmicki
|
|
Batting: RHB Elliot Manfredini
|
0-0: Ball 1-0: Swinging Strike 1-1: Swinging Strike 1-2: Ball 2-2: Foul Ball, location: 2F 2-2: Ball 3-2: Base on Balls
|
|
Batting: RHB Jamie Ogilvie
|
0-0: SINGLE (Groundball, 34D, EV 102.5 MPH) Elliot Manfredini to second Runner from 2nd tries for 3rd, SAFE, throw by RF made at trailing runner, OUT! 9-6
|
|
Batting: RHB Ricky Carbajal
|
0-0: Ball 1-0: Called Strike 1-1: Ball 2-1: Ground out 5-3 (Groundball, 56S, EV 85.6 MPH) Elliot Manfredini scores
|
|
Batting: LHB Danny Bailey
|
0-0: Called Strike 0-1: Ball 1-1: Ball 2-1: Ball 3-1: Base on Balls
|
|
Batting: RHB John Hering
|
Balk! Danny Bailey to second 0-0: Ball 1-0: Ball 2-0: Ball 3-0: Called Strike 3-1: Base on Balls
|
|
Batting: LHB Marc Carter
|
0-0: Ball 1-0: Foul Ball, location: 2F 1-1: Ball 2-1: Foul Ball, location: 2F 2-2: 3-RUN HOME RUN (Flyball, 9D, EV 96.2 MPH), Distance : 376 ft
|
|
Batting: RHB Butch Koglin
|
0-0: Ball 1-0: Ball 2-0: Swinging Strike 2-1: Foul Ball, location: 2F 2-2: Ball 3-2: Foul Ball, location: 2F 3-2: Fly out, F8 (Line Drive, 8LM, EV 100.0 MPH)
|
| Top of the 3rd over - 4 runs, 2 hits, 0 errors, 0 left on base; Lansing 4 - Charleston 0 |
| BOTTOM OF THE 3RD |
|
Charleston RiverDogs batting - Pitching for Lansing Lugnuts : LHP Jon Sosa
|
|
Batting: RHB Iften Olujimi
|
0-0: Called Strike 0-1: Swinging Strike 0-2: Strikes out looking
|
|
Batting: RHB Francisco Vargas
|
0-0: Called Strike 0-1: Called Strike 0-2: Foul Ball, location: 2F 0-2: Strikes out swinging
|
|
Batting: SHB Tadaaki Kondo
|
0-0: Foul Ball, location: 2F 0-1: Called Strike 0-2: Strikes out looking
|
| Bottom of the 3rd over - 0 runs, 0 hits, 0 errors, 0 left on base; Lansing 4 - Charleston 0 |
| TOP OF THE 4TH |
|
Lansing Lugnuts batting - Pitching for Charleston RiverDogs : RHP Bobby Kosmicki
|
|
Batting: RHB Scott Travis
|
0-0: Fly out, F9 (Flyball, 89M, EV 86.9 MPH)
|
|
Batting: RHB Dylan Phillips
|
0-0: Ball 1-0: Swinging Strike 1-1: Foul Ball, location: 2F 1-2: Strikes out swinging
|
|
Batting: RHB Elliot Manfredini
|
0-0: Foul Ball, location: 2F 0-1: Called Strike 0-2: Ball 1-2: Ball 2-2: Foul Ball, location: 2F 2-2: Strikes out swinging
|
| Top of the 4th over - 0 runs, 0 hits, 0 errors, 0 left on base; Lansing 4 - Charleston 0 |
| BOTTOM OF THE 4TH |
|
Charleston RiverDogs batting - Pitching for Lansing Lugnuts : LHP Jon Sosa
|
|
Batting: LHB Marc Durgin
|
0-0: Ball 1-0: Foul Ball, location: 2F 1-1: Swinging Strike 1-2: Strikes out looking
|
|
Batting: RHB Jeff McClellan
|
0-0: Ground out 5-3 (Groundball, 56, EV 90.6 MPH)
|
|
Batting: RHB Bryan Massey
|
0-0: Ball 1-0: Fly out, F7 (Flyball, 7LM, EV 98.8 MPH)
|
| Bottom of the 4th over - 0 runs, 0 hits, 0 errors, 0 left on base; Lansing 4 - Charleston 0 |
| TOP OF THE 5TH |
|
Lansing Lugnuts batting - Pitching for Charleston RiverDogs : RHP Bobby Kosmicki
|
|
Batting: RHB Jamie Ogilvie
|
0-0: Called Strike 0-1: Swinging Strike 0-2: Ball 1-2: Ball 2-2: Foul Ball, location: 2F 2-2: Foul Ball, location: 2F 2-2: Fly out, F6 (Popup, P, EV 83.8 MPH)
|
|
Batting: RHB Ricky Carbajal
|
0-0: SINGLE (Groundball, 5D, EV 103.8 MPH)
|
|
Batting: LHB Danny Bailey
|
Pickoff Throw to First - Out! 1-3 CS 0-0: TRIPLE (Line Drive, 89XD, EV 103.1 MPH)
|
|
Batting: RHB John Hering
|
0-0: Ball 1-0: SINGLE (Groundball, 4MD, EV 104.4 MPH) Danny Bailey scores
|
|
Pitching: RHP Austin Trzcinski
|
|
|
Batting: LHB Marc Carter
|
0-0: Ball John Hering is caught stealing 2nd base 2-6
|
| Top of the 5th over - 1 run, 3 hits, 0 errors, 0 left on base; Lansing 5 - Charleston 0 |
| BOTTOM OF THE 5TH |
|
Charleston RiverDogs batting - Pitching for Lansing Lugnuts : LHP Jon Sosa
|
|
Batting: RHB Michael Patterson
|
0-0: Ball 1-0: Foul Ball, location: 2F 1-1: Ball 2-1: Foul Ball, location: 2F 2-2: Fly out, F8 (Line Drive, 78M, EV 96.2 MPH)
|
|
Batting: RHB Louwe Starmans
|
0-0: Ball 1-0: Ball 2-0: Ball 3-0: Foul Ball, location: 2F 3-1: Called Strike 3-2: Strikes out swinging
|
|
Batting: LHB Ernesto Abreu
|
0-0: Ball 1-0: Foul Ball, location: 2F 1-1: Swinging Strike 1-2: Ball 2-2: Strikes out swinging
|
| Bottom of the 5th over - 0 runs, 0 hits, 0 errors, 0 left on base; Lansing 5 - Charleston 0 |
| TOP OF THE 6TH |
|
Lansing Lugnuts batting - Pitching for Charleston RiverDogs : RHP Austin Trzcinski
|
|
Batting: LHB Marc Carter
|
0-0: Called Strike 0-1: Ground out 4-3 (Groundball, 4S, EV 70.6 MPH)
|
|
Batting: RHB Butch Koglin
|
0-0: Hit by Pitch
|
|
DELAY
|
Rain delay of 93 minutes in the 6th inning.
|
|
Batting: RHB Scott Travis
|
0-0: Ground out 6-3 (Groundball, P, EV 80.6 MPH) Butch Koglin to second
|
|
Batting: RHB Dylan Phillips
|
0-0: Ball 1-0: Fly out, F8 (Flyball, 8RM, EV 96.9 MPH)
|
| Top of the 6th over - 0 runs, 0 hits, 0 errors, 1 left on base; Lansing 5 - Charleston 0 |
| BOTTOM OF THE 6TH |
|
Charleston RiverDogs batting - Pitching for Lansing Lugnuts : LHP Jon Sosa
|
|
Pitching: RHP Ben Knapp
|
|
|
Batting: RHB Iften Olujimi
|
0-0: Ball 1-0: Swinging Strike 1-1: Ball 2-1: Foul Ball, location: 2F 2-2: Foul Ball, location: 2F 2-2: Ball 3-2: Ground out 5-3 (Groundball, 56S, EV 85.6 MPH)
|
|
Batting: RHB Francisco Vargas
|
0-0: Ball 1-0: Called Strike 1-1: Ball 2-1: Fly out, F8 (Flyball, 8LD, EV 99.4 MPH)
|
|
Batting: SHB Tadaaki Kondo
|
0-0: Swinging Strike 0-1: Swinging Strike 0-2: Ball 1-2: Strikes out swinging
|
| Bottom of the 6th over - 0 runs, 0 hits, 0 errors, 0 left on base; Lansing 5 - Charleston 0 |
| TOP OF THE 7TH |
|
Lansing Lugnuts batting - Pitching for Charleston RiverDogs : RHP Austin Trzcinski
|
|
Batting: RHB Elliot Manfredini
|
0-0: Called Strike 0-1: Swinging Strike 0-2: Ball 1-2: Strikes out swinging
|
|
Batting: RHB Jamie Ogilvie
|
0-0: Ball 1-0: Foul Ball, location: 2F 1-1: Foul Ball, location: 2F 1-2: Foul Ball, location: 2F 1-2: Ball 2-2: Ball 3-2: Foul Ball, location: 2F 3-2: DOUBLE (Line Drive, 78XD, EV 107.5 MPH)
|
|
Pitching: RHP Greg Ritchie
|
|
|
Batting: RHB Ricky Carbajal
|
0-0: Foul Ball, location: 2F 0-1: Ball 1-1: SINGLE (Flyball, 8RS, EV 97.5 MPH) Jamie Ogilvie to third Runner from 3rd tries for Home, SAFE, throw by CF to home
|
|
Batting: LHB Danny Bailey
|
0-0: Ball 1-0: Called Strike 1-1: Called Strike Ricky Carbajal steals 2nd base 1-2: Ball 2-2: Foul Ball, location: 2F 2-2: Foul Ball, location: 2F 2-2: Ball 3-2: Ground out 4-3 (Groundball, 4M, EV 98.8 MPH) Ricky Carbajal to third
|
|
Batting: RHB John Hering
|
0-0: Ball 1-0: Ball 2-0: Foul Ball, location: 2F 2-1: Ground out 4-3 (Groundball, 4, EV 85.6 MPH)
|
| Top of the 7th over - 1 run, 2 hits, 0 errors, 1 left on base; Lansing 6 - Charleston 0 |
| BOTTOM OF THE 7TH |
|
Charleston RiverDogs batting - Pitching for Lansing Lugnuts : RHP Ben Knapp
|
|
Now at 3B: Jamie Ogilvie
|
|
|
Now at SS: Carlos Renteria
|
|
|
Now in LF: Timo Gomez
|
|
|
Now in CF: Dan Hilyer
|
|
|
Now in RF: Ricky Carbajal
|
|
|
Batting: LHB Marc Durgin
|
0-0: Called Strike 0-1: Ball 1-1: Ground out 3-1 (Groundball, 34S, EV 85.6 MPH)
|
|
Batting: RHB Jeff McClellan
|
0-0: Ball 1-0: Ball 2-0: Ground out 5-3 (Groundball, 56S, EV 73.1 MPH)
|
|
Batting: RHB Bryan Massey
|
0-0: Ball 1-0: Called Strike 1-1: SINGLE (Groundball, 6MD, EV 94.4 MPH)
|
|
Batting: RHB Michael Patterson
|
0-0: Called Strike 0-1: Swinging Strike 0-2: Ball 1-2: Strikes out swinging
|
| Bottom of the 7th over - 0 runs, 1 hit, 0 errors, 1 left on base; Lansing 6 - Charleston 0 |
| TOP OF THE 8TH |
|
Lansing Lugnuts batting - Pitching for Charleston RiverDogs : RHP Greg Ritchie
|
|
Batting: LHB Timo Gomez
|
0-0: Swinging Strike 0-1: Foul Ball, location: 2F 0-2: Foul Ball, location: 2F 0-2: Ball 1-2: Ball 2-2: Ball 3-2: Strikes out swinging
|
|
Batting: RHB Butch Koglin
|
0-0: Ball 1-0: Ball 2-0: Foul Ball, location: 2F 2-1: Ground out 3-1 (Groundball, 34S, EV 87.5 MPH)
|
|
Batting: RHB Scott Travis
|
0-0: Ball 1-0: Called Strike 1-1: Ground out 6-3 (Groundball, 6, EV 83.8 MPH)
|
| Top of the 8th over - 0 runs, 0 hits, 0 errors, 0 left on base; Lansing 6 - Charleston 0 |
| BOTTOM OF THE 8TH |
|
Charleston RiverDogs batting - Pitching for Lansing Lugnuts : RHP Ben Knapp
|
|
Now at 1B: Rodrigo Briceno
|
|
|
Now in LF: Dan Hilyer
|
|
|
Now in CF: Brian Manson
|
|
|
Batting: RHB Louwe Starmans
|
0-0: Called Strike 0-1: Foul Ball, location: 2F 0-2: Strikes out swinging
|
|
Batting: LHB Ernesto Abreu
|
0-0: Ball 1-0: Ball 2-0: Foul Ball, location: 2F 2-1: Foul Ball, location: 2F 2-2: Strikes out looking
|
|
Batting: RHB Iften Olujimi
|
0-0: Foul Ball, location: 2F 0-1: Ground out 5-3 (Groundball, 5S, EV 77.5 MPH)
|
| Bottom of the 8th over - 0 runs, 0 hits, 0 errors, 0 left on base; Lansing 6 - Charleston 0 |
| TOP OF THE 9TH |
|
Lansing Lugnuts batting - Pitching for Charleston RiverDogs : RHP Greg Ritchie
|
|
Pitching: LHP Cory Musial
|
|
|
Batting: RHB Dylan Phillips
|
0-0: Ball 1-0: SINGLE (Groundball, 6MS, EV 69.4 MPH) (infield hit)
|
|
Batting: RHB Carlos Renteria
|
0-0: Swinging Strike 0-1: Foul Ball, location: 2F 0-2: Ball 1-2: Foul Ball, location: 2F 1-2: SINGLE (Groundball, 56D, EV 103.8 MPH) Dylan Phillips to second
|
|
Batting: RHB Jamie Ogilvie
|
0-0: Called Strike 0-1: Fly out, F7 (Flyball, 7S, EV 97.5 MPH)
|
|
Batting: RHB Ricky Carbajal
|
0-0: Fielders Choice at 2nd, 3-6 (Groundball, 34, EV 82.5 MPH) Dylan Phillips to third
|
|
Batting: RHB Dan Hilyer
|
0-0: Ball Ricky Carbajal steals 2nd base (no throw) 1-0: Foul Ball, location: 2F 1-1: Ball 2-1: Foul Ball, location: 2F 2-2: Strikes out swinging
|
| Top of the 9th over - 0 runs, 2 hits, 0 errors, 2 left on base; Lansing 6 - Charleston 0 |
| BOTTOM OF THE 9TH |
|
Charleston RiverDogs batting - Pitching for Lansing Lugnuts : RHP Ben Knapp
|
|
Batting: RHB Francisco Vargas
|
0-0: Ball 1-0: Called Strike 1-1: Ball 2-1: Ball 3-1: Base on Balls
|
|
Batting: SHB Tadaaki Kondo
|
0-0: Swinging Strike 0-1: Ball 1-1: Ground out 4-3 (Groundball, 34S, EV 88.8 MPH) Francisco Vargas to second
|
|
Pitching: LHP Mike Oakes
|
|
|
Pinch Hitting: RHB Mike Zern
|
0-0: Ball 1-0: Ball 2-0: Called Strike 2-1: Called Strike 2-2: Fly out, F9 (Flyball, 89D, EV 90.6 MPH) Runner from 2nd tags up, SAFE at 3rd, no throw by RF
|
|
Batting: RHB Jeff McClellan
|
0-0: Foul Ball, location: 2F 0-1: Ground out 6-3 (Groundball, 6, EV 108.1 MPH)
|
| Bottom of the 9th over - 0 runs, 0 hits, 0 errors, 1 left on base; Lansing 6 - Charleston 0 |
|